 Dungeon Crawl Stone Soup version 0.31.0-4-g52a2dc7128 (webtiles) character file.

Game seed: 1518555097008704135

175 Kallu the Cudgeller (level 5, -1/42 HPs)
             Began as an Armataur Fighter on Jan 22, 2024.
             Slain by an orc wizard
             ... wielding a +2 dagger of freezing
              (6 damage)
             ... on level 3 of the Dungeon.
             The game lasted 00:02:33 (1924 turns).

Kallu the Cudgeller (Armataur Fighter)              Turns: 1924, Time: 00:02:34

Health: -1/42      AC:  8    Str: 22 (23) XL:     5   Next: 29%
Magic:  5/5        EV:  7    Int:  6 (9)  God:
Gold:   142        SH:  0    Dex:  7 (9)  Spells: 4/4 levels left

rFire   + . .        a - +0 flail
rCold   . . .        (no shield)
rNeg    + . .        b - +0 scale mail
rPois   .            (no helmet)
rElec   .            (no cloak)
rCorr   .            h - +0 pair of gloves
SInv    .            (no barding)
Will    .....        (no amulet) Stlth
                     i - ring of positive energy
HPRegen 0.27/turn    g - ring of protection from fire
MPRegen 0.09/turn

%: roll
@: brilliant, invisible
A: large, deformed body, tough skin 3, armoured tail, roll 1
a: no special abilities


You were on level 3 of the Dungeon.
You visited 1 branch of the dungeon, and saw 3 of its levels.

You collected 142 gold pieces.

Inventory:

Hand Weapons
 a - a +0 flail (weapon)
Missiles
 e - 3 boomerangs (quivered)
 f - 4 atropa-tipped darts
Armour
 b - a +0 scale mail (worn)
 c - a +0 buckler
 h - a +0 pair of gloves (worn)
Jewellery
 g - a ring of protection from fire (right hand)
 i - a ring of positive energy (left hand)
Scrolls
 j - a scroll of blinking {unknown}
 m - a scroll of enchant weapon {unknown}
 o - 2 scrolls of identify {unknown}
Potions
 l - 2 potions of degeneration
 n - a potion of brilliance


   Skills:
 + Level 2.7 Fighting
 - Level 5.1 Maces & Flails
 - Level 3.6 Armour
 - Level 3.2 Shields


You had 4 spell levels left.
You didn't know any spells.
Your spell library was empty.

Dungeon Overview and Level Annotations

Branches:
Dungeon (3/15)

Altars:
Hepliaklqana

Shops:
D:1 :   D:3 [


Innate Abilities, Weirdness & Mutations

Armour fits poorly on your strangely shaped body.
You have extremely tough skin. (AC +3)
You have a long armoured tail.
You regenerate magic when rolling toward enemies. (Rampage MPRegen)


Message History

The orc hits you but does no damage.
The orc wizard hits you but does no damage.
It was a potion of invisibility.
You fade into invisibility!
The orc hits you with a +0 hand axe.
* * * LOW HITPOINT WARNING * * *
The orc wizard hits you but does no damage.
You bump into the rock wall.
You feel less confused. The orc barely misses you.
The orc wizard gestures wildly while chanting.
The orc wizard flickers and vanishes!
Deactivating autopickup; reactivate with Ctrl-A.
Unknown command.
You miss something. You hit the orc.
The orc is severely wounded.
The orc closely misses you.
You sock the orc!
You kill the orc!
You hear some strange, mumbled words.
Things that are here:
a +0 hand axe; a +0 leather armour You start resting.
Something hits you but does no damage.
You miss something.
Your tail-slap misses something.
Something hits you.
* * * LOW HITPOINT WARNING * * *
Something freezes you.
* * * LOW HITPOINT WARNING * * *
You closely miss something. Something hits you.
* * * LOW HITPOINT WARNING * * *
Something freezes you.
* * * LOW HITPOINT WARNING * * *
You closely miss something.
You hear some strange, mumbled words.
A puff of flame appears from out of thin air!
The puff of flame misses you.
You miss something.
Your tail-slap misses something.
Something hits you but does no damage.
You barely miss something. Something hits you.
You die...

#....#...#. ...##......
####.#8.8# #### #......
#######..#...# #......
#.......##8.8# ....<.#
#.########...# .#......
#.......##8.8##
#.........#
######...#...#.
##.##..#...# #.....<#8.8#.
....#.#.....
#....###.@.#.###..........
#...## #8{8#..............
#...# #...##.............
#...# ##.###.............
##### #.................
#####.............
#.........##...
#####.#..#..#.#####
#.......###...###


There were no monsters in sight!

Vanquished Creatures
  A scorpion (D:3)
  A hound (D:3)
  An orc priest (D:3)
  2 adders
  2 dart slugs
  An orc (D:3)
  2 bats
  7 endoplasms
  A giant cockroach (D:1)
  A hobgoblin (D:2)
  2 jackals (D:3)
  3 quokkas
  A ball python (D:1)
  4 kobolds
  3 rats
32 creatures vanquished.

Notes
Turn   | Place    | Note
-------+----------+-------------------------------------------
     0 | D:1      | Kallu the Armataur Fighter began the quest for the Orb.
     0 | D:1      | Reached XP level 1. HP: 18/18 MP: 1/1
    28 | D:1      | Reached skill level 2 in Maces & Flails
   217 | D:1      | Reached XP level 2. HP: 25/25 MP: 2/2
   394 | D:1      | Found Luythybb's Book Shop.
   779 | D:2      | Found a hazy altar of Hepliaklqana.
   861 | D:2      | Reached skill level 3 in Maces & Flails
   913 | D:2      | Reached XP level 3. HP: 24/30 MP: 3/3
  1535 | D:3      | Reached skill level 4 in Maces & Flails
  1535 | D:3      | Reached XP level 4. HP: 9/37 MP: 4/4
  1817 | D:3      | Noticed a scorpion
  1822 | D:3      | Killed a scorpion
  1823 | D:3      | Reached skill level 5 in Maces & Flails
  1823 | D:3      | Reached XP level 5. HP: 36/42 MP: 5/5
  1851 | D:3      | Found Veit Wimn's Armour Boutique.
  1924 | D:3      | Slain by an orc wizard

Illustrated notes

Levels and vault maps discovered:
D:1:      roderic_crop_circles_arrival_small, layout_rooms, serial_shops, shop,
          kennysheep_pointless_box
D:2:      layout_basic, basic_altar, serial_bayou_lagoon_a
D:3:      layout_rooms, serial_shops, shop, chequers_avenue,
          minmay_fractal_squares_gapless_5

Skill      XL: |  1  2  3  4 |
---------------+-------------+-----
Maces & Flails | 2 3 4 5 |  5.1
Fighting       | |  2.7
Armour         | |  3.6
Shields        | |  3.2

Action                     |  1- 3 |  4- 6 || total
---------------------------+-------+-------++-------
  Melee: Flail             |    82 |    29 ||   111
         Tailslap          |    10 |     3 ||    13
         Punch             |     2 |       ||     2
    Use: Potion            |     1 |     3 ||     4
 Armour: Scale mail        |    74 |    47 ||   121
  Dodge: Dodged            |    33 |    10 ||    43
